 Dungeon Crawl Stone Soup version 0.18-a0-1764-gf4ddf0b (console) character file.

69 sorlin the Insei (level 3, 0/27 HPs)
             Began as a Demigod Transmuter on Apr 13, 2016.
             Slain by an adder (1 damage)
             ... on level 2 of the Dungeon.
             The game lasted 00:05:16 (2271 turns).

sorlin the Insei (Demigod Transmuter)               Turns: 2271, Time: 00:05:17

Health: 0/27       AC:  2    Str: 13      XL:     3   Next: 75%
Magic:  8/8        EV: 18    Int: 16 (17) God:
Gold:   119        SH:  0    Dex: 22 (23) Spells: 2 memorised, 1 level left

rFire  . . .     SeeInvis .       - Unarmed
rCold  . . .     Gourm    .     b - +0 robe
rNeg   . . .     Faith    .     (no shield)
rPois  .         Spirit   .     (no helmet)
rElec  .         Dismiss  .     (no cloak)
rCorr  .         Reflect  .     (no gloves)
SustAt +         Harm     .     (no boots)
MR     .....                    (no amulet)
Stlth  +++.......               (no ring)
                                (no ring)

@: agile, lethally poisoned (0 -> -9), very slightly contaminated, not resistant
to hostile enchantments, fairly stealthy
A: high mp 1, sustain attributes
a: no special abilities


You were on level 2 of the Dungeon.
You were not hungry.

You visited 1 branch of the dungeon, and saw 2 of its levels.

You collected 119 gold pieces.


Innate Abilities, Weirdness & Mutations

You have an increased reservoir of magic (+10% MP).
Your attributes are resistant to harm.


   Skills:
 - Level 0.8 Fighting
 - Level 1.7 Dodging
 + Level 4.1 Unarmed Combat
 - Level 1.7 Spellcasting
 + Level 2.0 Transmutations
 - Level 1.0 Poison Magic


You had one spell level left.
You knew the following spells:

 Your Spells              Type           Power        Failure   Level  Hunger
a - Beastly Appendage     Trmt           #.....       10%         1    ##.....
q - Spider Form           Trmt/Pois      #.........   34%         3    ####...

Inventory:

Missiles
 a - 12 arrows
Armour
 b - a +0 robe (worn)
Jewellery
 m - an uncursed amulet of dismissal {unknown}
Scrolls
 h - 2 scrolls of fear {unknown}
 i - a scroll of blinking {unknown}
 n - 2 scrolls of teleportation {unknown}
Potions
 k - a potion of mutation {unknown}
 l - a potion of might {unknown}
Books
 c - a book of Changes

   Spells                             Type                      Level
   a - Beastly Appendage              Transmutation                1
   b - Sticks to Snakes               Transmutation                2
   c - Spider Form                    Transmutation/Poison         3
   d - Ice Form                       Ice/Transmutation            4
   e - Blade Hands                    Transmutation                5
Comestibles
 d - 2 bread rations {!e}
 f - a meat ration {!e}


Message History

You are poisoned.
The adder poisons you!
You take 2 damage.
You hit the adder.
The adder is heavily wounded.
You feel sick. The adder bites you.
* * * LOW HITPOINT WARNING * * *
You are more poisoned.
The adder poisons you! The adder closely misses you.
You take 3 damage.
You are too injured to fight recklessly!
You are too injured to fight recklessly!
You are too injured to fight recklessly!
You miss the adder.
The adder is heavily wounded.
The adder bites you.
* * * LOW HITPOINT WARNING * * *
You take 4 damage.
You hit the adder.
The adder is almost dead.
* * * LOW HITPOINT WARNING * * *
You feel sick. The adder bites you but does no damage.
You take 1 damage.
You completely miss the adder.
The adder is almost dead.
* * * LOW HITPOINT WARNING * * *
You feel sick. The adder bites you.
* * * LOW HITPOINT WARNING * * *
You are more poisoned.
The adder poisons you!
You take 4 damage.
Drink which item? (? for menu, Esc to quit)
It was a potion of cure mutation.
It has a very clean taste.
* * * LOW HITPOINT WARNING * * *
You feel sick. The adder closely misses you.
You take 1 damage.
Drink which item? (? for menu, Esc to quit)
It was a potion of agility.
You feel agile all of a sudden.
Your horns disappear.
* * * LOW HITPOINT WARNING * * *
You feel sick. The adder completely misses you. The adder misses you.
You take 1 damage.
Drink which item? (? for menu, Esc to quit)
It was a potion of degeneration.
There was something very wrong with that liquid.
You feel weakened for a moment.
You feel somewhat dopey.
You feel somewhat clumsy.
* * * LOW HITPOINT WARNING * * *
You feel sick. The adder bites you.
You die...

.....# ####### ##8## ####.#
##.....###8...8 #.#
#.......##..... #.#
#.......#>..... #.#
#.......##..... #.#
#.......##8...8 #.# #.......#
##8## #.# #.......# # #[#
#.......# #.# #.#.##..# #.#
#@#.##.##.# # #.#####
#S#.#..##.# #
#......######l#.#.###.#
###..................# #.#
.......#..#.....#..#####.######
##.....# .#.....#..............
##....### ##...##.######....####
......#[#..#...#................
.....##.##.##.##..######.######
.....#...#..#%#...######+#
....##...##.###.........


You could see an adder and a giant newt.

Vanquished Creatures
  3 adders (D:2)
  A worm (D:2)
  A dart slug (D:1)
  3 giant geckos
  2 giant cockroaches
  6 goblins
  2 hobgoblins
  2 jackals (D:1)
  5 kobolds
  2 bats (D:2)
  3 giant newts (D:2)
  2 rats
32 creatures vanquished.

Notes
Turn   | Place    | Note
--------------------------------------------------------------
     0 | D:1      | sorlin the Demigod Transmuter began the quest for the Orb.
     0 | D:1      | Reached XP level 1. HP: 15/15 MP: 5/5
    59 | D:1      | Reached skill level 3 in Unarmed Combat
   205 | D:1      | Reached XP level 2. HP: 19/22 MP: 7/7
  1371 | D:2      | Reached XP level 3. HP: 24/27 MP: 6/8
  1560 | D:2      | Learned a level 3 spell: Spider Form
  1668 | D:2      | HP: 6/27 [giant newt (3)]
  1899 | D:2      | Reached skill level 4 in Unarmed Combat
  1899 | D:2      | Reached skill level 1 in Poison Magic
  2036 | D:2      | Reached skill level 2 in Transmutations
  2267 | D:2      | HP: 8/27 [poisoned by an adder]
  2269 | D:2      | HP: 3/27 [poisoned by an adder]
  2271 | D:2      | HP: 1/27 [poisoned by an adder]
  2271 | D:2      | Slain by an adder

Vault maps used:
D:1:      moated_graveyard_arrival
D:2:      nicolae_overflow_hidden_temple, minmay_unequal

Action                   || total
-------------------------++-------
Melee: Unarmed           ||   141
       Kick              ||     3
       Headbutt          ||     5
       Punch             ||     2
 Cast: Beastly Appendage ||     6
  Use: Potion            ||     3
 Stab: Sleeping          ||     3
  Eat: Chunk             ||     3
       Beef jerky        ||     1
Armor: Robe              ||    23
Dodge: Dodged            ||    86
